 Dungeon Crawl Stone Soup version 0.29-a0-542-g075992c915 (webtiles) character file.

Game seed: 1865593554216299320

7672 oldriver the Fighter (level 10, -2/94 HPs)
             Began as a Palentonga Delver on June 3, 2022.
             Was a Believer of Okawaru.
             Slain by a blink frog (12 damage)
             ... on level 2 of the Lair of Beasts.
             The game lasted 00:13:36 (11190 turns).

oldriver the Fighter (Palentonga Delver)           Turns: 11190, Time: 00:13:37

Health: -2/94      AC: 16    Str: 21    XL:     10   Next: 99%
Magic:  8/10       EV: 12    Int: 10    God:    Okawaru [**....]
Gold:   411        SH:  0    Dex: 11    Spells: 9/9 levels left

rFire   + . .      SeeInvis +   h - +8 trident of the Octopus King {venom, rElec rPois}
rCold   + . .      Faith    .   (no shield)
rNeg    + . .      Spirit   .   w - +2 robe {rN+}
rPois   +          Reflect  .   (no helmet)
rElec   +          Harm     .   D - scarf {rC+ rF+}
rCorr   .          Rampage  .   y - +1 pair of gloves
Will    .....                   (no barding)
Stlth   ++++......              r - amulet of the acrobat
HPRegen 0.25/turn               (no ring)
MPRegen 0.12/turn               (no ring)

@: heroic, curled up
A: large, rugged brown scales 3, see invisible, deformed body, roll 1, armoured
tail, reflexive curl
a: Rolling Charge, Renounce Religion, Heroism


You were on level 2 of the Lair of Beasts.
You worshipped Okawaru.
Okawaru was pleased with you.
You visited 3 branches of the dungeon, and saw 11 of its levels.

You collected 411 gold pieces.

Inventory:

Hand Weapons
 a - a +1 hand axe
 h - the +8 trident of the Octopus King (weapon) {venom, rElec rPois}
   (You found it on level 5 of the Dungeon)

   It poisons the flesh of those it strikes.
   rElec:     It insulates you from electricity.
   rPois:     It protects you from poison.
Armour
 q - a +0 cloak
 w - a +2 robe of positive energy (worn)
 y - a +1 pair of gloves (worn)
 B - a +0 troll leather armour
 D - a scarf of resistance (worn)
 J - a +2 plate armour of poison resistance
Jewellery
 i - a ring of fire
 l - an amulet of guardian spirit
 r - an amulet of the acrobat (around neck)
 F - an amulet of reflection
Wands
 g - a wand of digging (3)
 I - a wand of iceblast (5)
Scrolls
 c - 4 scrolls of fog
 d - 4 scrolls of magic mapping
 j - 8 scrolls of identify
 n - a scroll of teleportation
 p - 2 scrolls of immolation
 s - 2 scrolls of vulnerability
 x - 2 scrolls of amnesia
 C - 3 scrolls of poison
 E - a scroll of enchant weapon
 H - a scroll of silence {unknown}
Potions
 b - a potion of cancellation {unknown}
 f - 2 potions of haste
 k - a potion of brilliance
 m - a potion of degeneration
 o - 2 potions of mutation
 t - 3 potions of might
 v - 2 potions of attraction {unknown}
 z - a potion of resistance {unknown}
 A - a potion of flight {unknown}
 G - a potion of curing {unknown}


   Skills:
 + Level 11.2(16.2) Fighting
 - Level 2.0(12.6) Axes
 * Level 10.6(15.7) Polearms
 + Level 3.4(8.4) Armour
 + Level 3.9(8.9) Dodging
 - Level 3.3(8.3) Stealth
 + Level 1.0 Invocations


You had 9 spell levels left.
You didn't know any spells.
Your spell library contained the following spells:

 Spells                   Type           Power      Damage    Failure   Level
 Apportation              Tloc           0%         N/A       36%         1
 Ensorcelled Hibernation  Hex/Ice        0%         N/A       50%         2
 Passwall                 Tmut/Erth      0%         N/A       50%         2
 Ozocubu's Armour         Ice            0%         N/A       75%         3
 Swiftness                Air            0%         N/A       75%         3
 Hailstorm                Conj/Ice       0%         3d3       98%         4
 Alistair's Intoxication  Tmut/Pois      0%         N/A       100%        5
 Iskenderun's Battlesphe  Conj           0%         2d6       100%        5
 Iron Shot                Conj/Erth      0%         9d1       100%        6
 Statue Form              Tmut/Erth      0%         N/A       100%        6
 Ozocubu's Refrigeration  Ice            0%         4d5       100%        7
 Necromutation            Tmut/Necr      0%         N/A       100%        8
 Spellforged Servitor     Conj/Summ      Unusable   N/A       N/A         7

Dungeon Overview and Level Annotations

Branches:
Dungeon (8/15)             Temple (1/1) D:6            Lair (2/6) D:8
  Swamp: Lair:2-4    Shoals: Lair:2-4     Snake: Lair:2-4    Spider: Lair:2-4

Altars:
Ashenzari
Cheibriados
Dithmenos
Elyvilon
Fedhas
Gozag
Hepliaklqana
Kikubaaqudgha
Makhleb
Nemelex Xobeh
Okawaru
Qazlal
Sif Muna
Trog
Uskayaw
Vehumet
Wu Jian
Xom
Yredelemnul
Zin
The Shining One
Lugonu

Shops:
D:2 ?=   D:3 *   D:5 !

Annotations:
D:7 1 runed translucent door, turdburglar's ghost, novice HOFi


Innate Abilities, Weirdness & Mutations

You are completely covered in rugged brown scales. (AC +3, +7% HP)
You have supernaturally acute eyesight. (SInv)
Armour fits poorly on your strangely shaped body.
You can roll at nearby foes to attack.
You have a long armoured tail.
You curl defensively after being hit. (AC +7*)


Message History

As you read the scroll of fear, it crumbles to dust.
You assume a fearsome visage.
The blink frog looks frightened! x2
The komodo dragon looks frightened!
The water moccasin looks frightened!
The blink frog blinks! x2
The blink frog blinks! x2
The blink frog blinks!
The blink frog misses you.
The blink frog attacks as you move away!
The blink frog hits you but does no damage.
The blink frog blinks!
The blink frog blinks!
The blink frog hits you but does no damage.
The blink frog blinks!
The blink frog completely misses you.
The blink frog attacks as you move away!
The blink frog hits you.
* * * LOW HITPOINT WARNING * * *
The blink frog seems to regain its courage.
The blink frog blinks!
The blink frog hits you.
* * * LOW HITPOINT WARNING * * *
The blink frog attacks as you move away!
The blink frog hits you but does no damage.
The blink frog attacks as you move away!
The blink frog hits you!
* * * LOW HITPOINT WARNING * * *
The blink frog misses you.
The blink frog attacks as you move away!
The blink frog hits you.
* * * LOW HITPOINT WARNING * * *
The blink frog completely misses you.
Cornered, the water moccasin turns to fight!
The blink frog completely misses you. The blink frog hits you!
* * * LOW HITPOINT WARNING * * *
There is a stone staircase leading down, spattered with blood here.
Okay, then.
The blink frog barely misses you.
The blink frog blinks!
You climb downwards.
Found a potion of brilliance.
There is a stone staircase leading up here.
You gain the combat prowess of a mighty hero.
The blink frog barely misses you. x2; The blink frog hits you!
You die...

..........#
..........#
..........##
...........##
............#
...........##
............#
......F@F...#
...........##
...........#
...........#
.......!..##
..##......# .
########


You could see 2 blink frogs.

Vanquished Creatures
  A hydra (Lair:1)
  A two-headed ogre (D:6)
  Pikel (D:6)
  A black mamba (D:8)
  A kobold demonologist (D:8)
  2 komodo dragons (Lair:1)
  2 trolls
  A wyvern (Lair:1)
  7 yaks
  2 basilisks (Lair:1)
  2 steam dragons
  2 water moccasins
  2 orc warriors
  An ice beast (D:6)
  An ogre (D:7)
  A wolf (D:8)
  A centaur (D:8)
  3 phantoms
  4 lemures (D:6)
  A kobold brigand (D:4)
  4 necrophages
  A gnoll sergeant (D:6)
  6 bullfrogs
  A scorpion (D:7)
  4 howler monkeys
  An electric eel (D:8)
  A jelly (D:4)
  A gnoll shaman (D:6)
  8 hounds
  A quasit (D:8)
  4 orc priests
  An iguana (D:5)
  5 orc wizards
  4 gnolls (D:6)
  9 adders
  3 ufetubi (D:5)
  2 worms
  3 dart slugs
  37 orcs
  8 ball pythons
  4 endoplasms
  3 giant cockroaches
  3 goblins
  10 hobgoblins
  6 quokkas
  7 bats
  3 frilled lizards
  3 goblin zombies (D:8)
  A hobgoblin zombie (D:8)
  30 kobolds
  2 kobold skeletons (D:8)
  An orc skeleton (D:8)
  An orc zombie (D:8)
  3 rats
218 creatures vanquished.

Vanquished Creatures (others)
  A gnoll (D:6)
  3 fungi (Lair:1)
  32 plants
36 creatures vanquished.

Grand Total: 254 creatures vanquished

Notes
Turn   | Place    | Note
-------+----------+-------------------------------------------
     0 | D:5      | Found the +8 trident of the Octopus King {venom, rElec
                  | rPois}
     0 | D:5      | oldriver the Palentonga Delver began the quest for the Orb.
     0 | D:5      | Reached XP level 1. HP: 19/19 MP: 1/1
    62 | D:3      | Found a bloodstained altar of Trog.
    84 | D:4      | Noticed a jelly
    88 | D:4      | Killed a jelly
    89 | D:4      | Reached skill level 1 in Polearms
    89 | D:4      | Reached XP level 2. HP: 26/26 MP: 2/2
    89 | D:4      | Reached XP level 3. HP: 32/32 MP: 3/3
   370 | D:2      | Found Wyunn's Magic Scroll Emporium.
   401 | D:2      | Reached skill level 4 in Fighting
   506 | D:1      | Found a faded altar of an unknown god.
   545 | D:1      | Reached XP level 4. HP: 33/39 MP: 4/4
   775 | D:1      | You fall into a shaft and drop 1 floor!
   982 | D:2      | Found Vagata Xoymn's One-of-a-Kind Rings.
  2077 | D:3      | Found Zin's Purification Station.
  2077 | D:3      | Found a glowing silver altar of Zin.
  2289 | D:3      | Reached XP level 5. HP: 41/46 MP: 5/5
  2355 | D:3      | Found a radiant altar of Vehumet.
  2991 | D:4      | Noticed a phantom
  3008 | D:4      | Killed a phantom
  3009 | D:4      | Reached skill level 5 in Fighting
  3036 | D:4      | Reached XP level 6. HP: 52/54 MP: 6/6
  3088 | D:4      | Found a broken altar of Ashenzari.
  3806 | D:5      | Reached skill level 6 in Fighting
  3806 | D:5      | Gained mutation: You curl defensively after being hit. (AC
                  | +7*) [Palentonga growth]
  3806 | D:5      | Reached XP level 7. HP: 46/62 MP: 7/7
  3818 | D:5      | Found a white marble altar of Elyvilon.
  3886 | D:5      | Found Segeeg's Distillery.
  4099 | D:5      | Reached skill level 5 in Polearms
  4385 | D:5      | Reached skill level 7 in Fighting
  4499 | D:5      | Reached XP level 8. HP: 71/71 MP: 8/8
  5339 | D:6      | Found a staircase to the Ecumenical Temple.
  5388 | Temple   | Entered the Ecumenical Temple
  5612 | D:6      | Reached skill level 8 in Fighting
  5952 | D:6      | Found a basalt altar of Yredelemnul.
  6128 | D:6      | Noticed Pikel
  6157 | D:6      | Killed Pikel
  6158 | D:6      | Reached skill level 9 in Fighting
  6158 | D:6      | Reached XP level 9. HP: 32/81 MP: 9/9
  6592 | D:6      | Noticed a two-headed ogre
  6601 | D:6      | Killed a two-headed ogre
  6766 | D:6      | Noticed a troll
  6775 | D:6      | Killed a troll
  7272 | D:7      | Reached skill level 10 in Fighting
  7654 | D:7      | Found a stormy altar of Qazlal.
  7668 | D:7      | Found a shadowy altar of Dithmenos.
  7787 | D:7      | Found an iron altar of Okawaru.
  7988 | D:7      | Found a runed translucent door.
  7990 | D:7      | Noticed an unseen horror
  7990 | D:7      | Noticed turdburglar's ghost (novice HOFi)
  8197 | D:8      | Found an opulent altar of Gozag.
  8295 | D:8      | Noticed a troll
  8328 | D:8      | Killed a troll
  8329 | D:8      | Reached skill level 1 in Armour
  8613 | D:8      | Found a staircase to the Lair.
  8698 | D:8      | Reached XP level 10. HP: 92/92 MP: 10/10
  8700 | D:8      | Noticed an orange demon
  8785 | D:8      | Found a sparkling altar of Nemelex Xobeh.
  8852 | D:8      | Found a glowing golden altar of the Shining One.
  9227 | D:7      | Became a worshipper of Warmaster Okawaru
  9377 | D:8      | Got the Collected Works on Glacial Transmigration
  9566 | D:8      | Found a blossoming altar of Fedhas.
  9574 | D:8      | Found an ancient bone altar of Kikubaaqudgha.
  9724 | Lair:1   | Entered Level 1 of the Lair of Beasts
  9724 | Lair:1   | Found a glowing golden altar of the Shining One.
  9738 | Lair:1   | Noticed a seven-headed hydra
  9749 | Lair:1   | Noticed a black mamba
  9750 | Lair:1   | Killed a seven-headed hydra
  9750 | Lair:1   | Reached * piety under Okawaru
  9771 | D:8      | Killed a black mamba
  9772 | D:8      | Reached skill level 10 in Polearms
 10403 | Lair:1   | Reached skill level 11 in Fighting
 10949 | Lair:1   | Noticed a cane toad
 11026 | Lair:1   | Reached ** piety under Okawaru
 11127 | Lair:1   | Noticed a cane toad
 11155 | Lair:1   | Reached skill level 1 in Invocations
 11175 | Lair:1   | HP: 4/94 [blink frog (13)]
 11190 | Lair:2   | Slain by a blink frog

Illustrated notes

Levels and vault maps discovered:
D:1:      dpeg_arrival_chambers_temple_mockup, layout_rooms,
          basic_ecumenical_altar
D:2:      layout_basic, serial_shops, nicolae_diamond_shop,
          minmay_misc_feat_iff, nicolae_shop_unique_rings
D:3:      layout_basic, nicolae_vehumet_altar_sigil,
          nicolae_overflow_hidden_temple, zin_purify
D:4:      kennysheep_kobold_camp, layout_cave_pools, evilmike_ruin_ashenzari
D:5:      layout_cave_pools, elyvilon_altar_4, minmay_misc_feat_more_columns,
          minmay_door_square, nicolae_inconvenience_store
D:6:      layout_layer_cave, mainiacjoe_overflow_small_starburst,
          minmay_temple_entry_antechambers, st_stairs_6,
          hangedman_decor_growths, minmay_three_doors, uniq_pikel
D:7:      layout_basic, nicolae_dithmenos_the_darkroom,
          mainiacjoe_overflow_alcove_2, okawaru_trees_2,
          ebering_ghost_inner_flame, nicolae_concentric_dashed_squares_mild
D:8:      lemuel_ice_spiral_2, layout_basic,
          grunt_temple_overflow_growth_and_decay, mainiacjoe_overflow_brackets,
          nicolae_tso_besieged_by_evil, lemuel_crystal_altar, erik_lair_island,
          minmay_checkerbox
Temple:   corrupted_temple
Lair:1:   layout_misc_corridors, basic_altar, serial_bayou_ford_a
Lair:2:   layout_cave_pods, skrybe_swamp_entry_bodies,
          spider_nest_entry_funnel_web, grunt_forest_small_clearing_treed

Skill      XL: |  1  2  3  4  5  6  7  8  9 10 |
---------------+-------------------------------+-----
Polearms       | 1 2 3 4 5 7 9 10 | 10.6
Fighting       | 4 5 6 7 9 10 11 | 11.2
Armour         | 1 3 |  3.4
Dodging        | 2 3 |  3.9
Invocations    | 1 |  1.0
Axes           | |  2.0
Stealth        | |  3.3

Action                   |  1- 3 |  4- 6 |  7- 9 | 10-12 || total
-------------------------+-------+-------+-------+-------++-------
Melee: Trident           |    35 |   168 |   231 |   139 ||   573
       Tailslap          |     3 |    12 |    19 |    14 ||    48
       Punch             |       |     1 |     1 |     5 ||     7
Invok: Heroism           |       |       |       |     2 ||     2
 Abil: Rolling Charge    |       |       |     1 |     2 ||     3
Evoke: Wand              |       |       |       |     4 ||     4
  Use: Scroll            |       |       |    12 |     4 ||    16
       Potion            |       |       |       |     3 ||     3
 Stab: Sleeping          |     3 |     8 |     2 |       ||    13
       Distracted        |       |       |       |     1 ||     1
Armor: Leather armour    |     7 |    37 |    23 |       ||    67
       Robe              |       |       |    31 |    63 ||    94
Dodge: Dodged            |     8 |    52 |    90 |   100 ||   250

Table legend: (Time is in decaauts)
 A = Elapsed time spent in this place.
 B = Non-inter-level travel time spent in this place.
 C = Inter-level travel time spent in this place.
 D = Time resting spent in this place.
 E = Time spent auto-exploring this place.
 F = Levels seen in this place.
 G = Mean time per level.
                   A        B        C        D        E       F      G
               +--------+--------+--------+--------+--------+-----+--------+
         Total |  11195 |  10574 |    621 |   2428 |   6429 |  11 | 1017.7 |
       Dungeon |  10420 |   9815 |    605 |   2227 |   6097 |   8 | 1302.5 |
        Temple |     50 |     35 |     15 |      0 |     29 |   1 |   50.0 |
          Lair |    724 |    724 |      0 |    201 |    303 |   2 |  362.0 |
               +--------+--------+--------+--------+--------+-----+--------+

Top non-repeatable levels by time:
     D:6: 2159 daAuts
     D:8: 2107 daAuts
     D:5: 1151 daAuts
     D:3: 1121 daAuts
     D:7: 1065 daAuts
     D:2: 1000 daAuts
     D:4: 999 daAuts
     D:1: 814 daAuts
  Lair:1: 723 daAuts
  Temple: 50 daAuts
  Lair:2: 0 daAuts
